Map: 프라이드 오브 알타리스 - 래더

Players

DPGCure (Cure)

  • Race: Terran Terran

DPGDark (Dark) - Winner!

  • Race: Zerg Zerg
  • League: Master

Event: DreamHack SC2 Masters Last Chance 2022

VOD

Have the link to the VOD?

Description

Time

  • Played on: Dec. 15, 2021, 6:22 a.m.
  • Length: 12:53

All games in this series

Show
View Real Time Build Order
Export as new Build Order

DPGCure Terran 

Build Orders: Reaper Expand, Banshee Rush 

Get SALT Encoding   

  12  0:00  SCV  
  13  0:12  SCV  
  14  0:17  Supply Depot  
  14  0:24  SCV  
  15  0:38  SCV  
  15  0:40  Barracks  
  15  0:42  Refinery  
  16  0:50  SCV  
  17  1:02  SCV  
  18  1:15  SCV  
  19  1:27  Reaper, Orbital Command  
  20  1:37  Command Center  
  20  1:45  Supply Depot  
  20  1:52  SCV  
  21  1:59  Marine  
  22  2:05  SCV  
  22  2:07  Factory  
  23  2:11  Refinery  
  23  2:17  SCV  
  23  2:20  Barracks Reactor  
  24  2:29  SCV  
  25  2:41  SCV  
  25  2:53  SCV  
  25  2:56  Marine, Factory Tech Lab  
  25  2:57  Marine  
  27  2:59  Bunker  
  27  3:02  Starport  
  27  3:05  SCV  
  28  3:06  Orbital Command  
  28  3:14  Marine x2  
  28  3:17  SCV  
  31  3:29  SCV  
  31  3:32  SCV  
  33  3:41  SCV  
  33  3:45  SCV  
  35  3:49  Cloaking Field  
  35  3:50  Banshee  
  35  3:53  SCV  
  35  3:54  Barracks Tech Lab  
  35  3:55  Supply Depot  
  39  3:57  SCV  
  40  4:03  Factory Reactor  
  40  4:06  SCV  
  40  4:07  Barracks  
  40  4:09  Barracks, SCV  
  42  4:13  Marine  
  42  4:14  Stimpack  
  43  4:18  SCV  
  43  4:21  SCV  
  45  4:25  Supply Depot  
  45  4:30  SCV  
  46  4:32  Marine  
  46  4:33  Banshee, SCV  
  46  4:36  Refinery, Engineering Bay  
  51  4:42  SCV  
  51  4:45  SCV  
  53  4:49  Supply Depot  
  53  4:51  Marine  
  54  4:54  Marine x2, SCV  
  54  4:57  SCV  
  58  5:02  Terran Infantry Weapons Level 1  
  58  5:05  Refinery  
  58  5:06  SCV, Factory Reactor  
  59  5:09  Marine x2, SCV  
  59  5:10  Marine  
  59  5:12  Marine  
  64  5:15  Supply Depot  
  64  5:16  Supply Depot  
  64  5:18  SCV  
  67  5:21  SCV  
  67  5:22  Viking  
  68  5:30  SCV  
  68  5:31  Marine  
  68  5:33  Marine  
  70  5:36  Marine x3  
  70  5:37  Supply Depot, SCV  
  75  5:42  SCV  
  75  5:48  Command Center  
  75  5:51  SCV  
  75  5:53  Supply Depot  
  75  5:54  SCV  
  75  5:56  Combat Shield  
  77  6:01  Medivac  
  77  6:02  Medivac, Siege Tank  
  84  6:11  Marine x5  
  89  6:22  Supply Depot  
  89  6:23  SCV x2  
  91  6:26  Barracks  
  91  6:27  Barracks  
  91  6:33  Marine x5  
  91  6:34  Siege Tank  
  91  6:36  SCV x2  
  101  6:45  Medivac x2  
  105  6:48  SCV x2  
  107  6:56  Marine x3  
  107  7:00  Marine x2  
  107  7:01  Orbital Command  
  112  7:03  Terran Infantry Armor Level 1  
  112  7:04  Supply Depot  
  112  7:11  Siege Tank  
  112  7:14  Supply Depot  
  112  7:15  Supply Depot  
  115  7:22  Marine x2  
  119  7:23  Marine x2, Marauder  
  119  7:26  Barracks Tech Lab x2  
  119  7:29  Medivac  
  122  7:30  Medivac  
  122  7:34  Orbital Command  
  122  7:41  Marine x4  
  122  7:43  SCV x2  
  127  7:44  Marauder  
  127  7:46  Marauder x2, Siege Tank  
  134  7:53  Supply Depot  
  134  7:54  Supply Depot  
  133  8:03  Medivac  
  133  8:04  Medivac  
  138  8:05  Marauder  
  138  8:07  Marauder  
  138  8:08  Marine x4  
  138  8:10  SCV x3  
  145  8:21  Supply Depot x2  
  145  8:23  Siege Tank  
  145  8:26  Marine x2, Marauder  
  150  8:27  Marauder  
  150  8:28  Marine x2, Concussive Shells  
  150  8:32  Marauder  
  154  8:38  Missile Turret  
  151  8:43  Medivac x2  
  151  8:44  Marine  
  155  8:56  Marine x3, Marauder  
  155  8:57  Marauder x2  
  155  9:02  Marine  
  160  9:03  Siege Tank  
  159  9:14  Marine x3  
  159  9:15  Medivac  
  162  9:17  Supply Depot x2  
  162  9:18  Marauder x3  
  162  9:20  Marine  
  162  9:23  Barracks  
  162  9:24  Barracks x2  
  169  9:32  Marine x3  
  169  9:34  Orbital Command  
  169  9:36  Siege Tank  
  169  9:38  Marine  
  175  9:39  Marauder x3  
  173  9:50  Marine x2  
  174  9:55  Supply Depot x2  
  174  9:59  Supply Depot  
  174  10:11  Supply Depot  
  174  10:17  Marine x4, Marauder, SCV x2  
  174  10:18  Marauder  
  174  10:20  Marine  
  184  10:21  Marauder  
  184  10:27  Siege Tank  
  184  10:28  Marine x2  
  189  10:35  Marine x4  
  193  10:38  Marine  
  193  10:39  Marauder  
  193  10:42  Marine  
  197  10:46  Marine  
  197  10:48  Marauder  
  141  10:57  Marine x6  
  141  11:00  Marauder x2  
  141  11:02  Liberator x2  
  126  11:04  Marine  
  126  11:09  Marauder  
  128  11:15  Marine x2  
  128  11:17  Siege Tank  
  133  11:21  Marauder  
  133  11:22  Marauder  
  137  11:27  Marine x3  
  137  11:30  Marauder  
  142  11:37  Marine x2  
  142  11:38  Marine x2  
  144  11:43  Marauder x2  
  147  11:49  Siege Tank  
  147  11:51  Liberator x2  
  147  11:52  Marauder  
  155  11:54  Marine  
  155  11:55  Marine x2  
  155  12:00  Marine x4  
  162  12:04  Marauder x2  
  166  12:12  Marine x3  
  166  12:13  Marauder  
  169  12:21  Siege Tank  
  172  12:28  Marine x4, Marauder x2  
  180  12:30  Marine x2  
Show
View Real Time Build Order
Export as new Build Order

DPGDark Zerg - Winner!

Build Orders: Pool First 

Get SALT Encoding   

  12  0:00  Drone  
  13  0:11  Overlord  
  13  0:16  Drone  
  14  0:30  Drone x2  
  16  0:40  Spawning Pool  
  15  0:43  Drone  
  15  0:47  Drone  
  17  0:58  Drone  
  18  1:10  Hatchery  
  17  1:27  Zergling x6  
  17  1:29  Queen  
  22  1:39  Extractor  
  21  1:43  Overlord  
  21  1:50  Drone  
  23  2:01  Drone  
  23  2:05  Queen  
  25  2:14  Drone  
  26  2:21  Queen  
  29  2:22  Drone  
  29  2:23  Drone  
  30  2:32  Drone  
  30  2:35  Drone  
  30  2:36  Drone x3  
  34  2:53  Drone  
  34  2:54  Drone  
  34  2:57  Metabolic Boost  
  34  3:00  Queen  
  34  3:04  Overlord  
  36  3:12  Hatchery  
  35  3:16  Drone  
  35  3:18  Overlord  
  36  3:23  Drone x2  
  36  3:24  Drone  
  39  3:29  Drone x2  
  39  3:30  Drone  
  39  3:33  Drone  
  43  3:34  Drone  
  44  3:43  Overlord  
  44  3:44  Drone  
  44  3:46  Overlord  
  45  3:59  Overlord  
  45  4:00  Queen  
  47  4:03  Drone x3  
  47  4:04  Roach Warren  
  47  4:05  Drone  
  47  4:09  Drone x3  
  53  4:10  Drone  
  53  4:16  Zergling x4  
  56  4:20  Extractor  
  56  4:21  Extractor, Zergling x2  
  55  4:25  Extractor, Zergling x2  
  55  4:26  Drone  
  55  4:30  Drone x2, Lair  
  58  4:31  Drone  
  58  4:33  Spore Crawler  
  58  4:46  Drone x2  
  58  4:50  Overlord  
  60  4:55  Drone  
  60  4:57  Spore Crawler  
  60  4:58  Drone x2  
  60  4:59  Drone x3  
  64  5:01  Overlord x2  
  64  5:03  Overlord  
  64  5:06  Overlord  
  64  5:08  Overlord  
  64  5:10  Roach  
  64  5:12  Roach  
  64  5:13  Roach  
  70  5:17  Drone x2  
  70  5:20  Drone, Spore Crawler  
  72  5:23  Drone x2  
  72  5:27  Overseer  
  74  5:30  Drone x3  
  74  5:33  Drone x2  
  78  5:36  Drone x2  
  78  5:41  Drone x3  
  83  5:43  Drone  
  83  5:46  Drone x2  
  86  5:55  Evolution Chamber  
  86  5:56  Evolution Chamber  
  84  5:58  Drone x2  
  84  6:02  Hatchery  
  85  6:04  Glial Reconstitution  
  85  6:06  Drone  
  85  6:09  Roach x2  
  85  6:10  Roach  
  92  6:15  Roach  
  92  6:16  Roach x3  
  99  6:23  Extractor  
  99  6:24  Zerg Melee Weapons Level 1, Zerg Ground Armor Level 1  
  98  6:31  Roach x5  
  108  6:39  Baneling Nest  
  107  6:40  Overlord x3  
  107  6:47  Hatchery  
  107  6:49  Overlord  
  106  6:55  Overlord  
  106  6:59  Roach x4  
  106  7:00  Roach  
  116  7:02  Roach x2  
  116  7:04  Roach  
  116  7:07  Roach x2  
  126  7:13  Roach x2  
  126  7:14  Roach  
  132  7:22  Overlord x2  
  132  7:25  Overlord  
  132  7:28  Overlord  
  126  7:33  Extractor, Spore Crawler  
  126  7:34  Drone x3, Overlord  
  127  7:40  Centrifugal Hooks  
  127  7:43  Zergling x8  
  131  7:46  Zergling x2  
  131  7:47  Ravager x4  
  131  7:48  Ravager x2  
  138  7:52  Zergling x6  
  141  8:00  Zergling x2  
  141  8:01  Zergling x8  
  143  8:07  Zergling x4  
  143  8:10  Zergling x2  
  143  8:11  Zergling x6  
  147  8:14  Zergling x4  
  147  8:15  Overlord, Ravager x2  
  147  8:18  Baneling  
  147  8:19  Baneling x7  
  151  8:26  Zergling x12  
  151  8:27  Drone x2  
  159  8:28  Spore Crawler  
  159  8:31  Drone x2  
  159  8:32  Drone, Zerg Melee Weapons Level 2  
  161  8:36  Zerg Ground Armor Level 2  
  161  8:38  Zergling x2  
  161  8:48  Infestation Pit  
  160  8:50  Zergling x2  
  160  8:51  Zergling x18  
  169  9:00  Roach  
  169  9:01  Zergling x4  
  173  9:04  Ravager  
  173  9:05  Overlord x2  
  173  9:08  Baneling x10  
  173  9:14  Overlord  
  172  9:17  Zergling x2  
  172  9:19  Overlord x3  
  172  9:24  Baneling x6  
  173  9:26  Zergling x20  
  173  9:27  Zergling x2  
  184  9:33  Zergling x8  
  184  9:37  Hive  
  188  9:43  Zergling x10  
  193  9:52  Baneling x6  
  186  9:55  Hatchery  
  186  9:57  Zergling x2  
  186  9:58  Zergling x10  
  191  10:00  Ravager x2  
  190  10:09  Zergling x16  
  198  10:19  Zergling x6  
  199  10:21  Baneling  
  199  10:22  Baneling x6  
  199  10:26  Zergling x2  
  200  10:33  Baneling x2  
  200  10:39  Baneling x4  
  197  10:51  Zergling x18  
  163  11:01  Zergling x36  
  164  11:06  Viper  
  164  11:08  Viper  
  170  11:16  Drone  
  170  11:18  Zergling x16  
  179  11:20  Zergling x2  
  179  11:23  Drone  
  179  11:24  Drone x3  
  184  11:27  Zergling x2, Spore Crawler  
  184  11:44  Drone  
  184  11:49  Zergling x22  
  195  11:56  Hatchery  
  195  11:57  Drone  
  195  12:03  Zergling x10  
  200  12:13  Zergling x2  
  199  12:22  Baneling  
  199  12:23  Baneling x17  
  199  12:24  Baneling  
  199  12:33  Hatchery  
  199  12:34  Drone x2  

Tags
 
Add a new tag
Caveats
  • Supply blocks, unpowered buildings, or Contaminate may cause inaccurate times.
  • Supply counts are checked every 10 seconds.